 Dungeon Crawl Stone Soup version 0.27-a0-385-g3208abaabc (webtiles) character file.

Game seed: 9154299232960161133

44 kae the Ruffian (level 3, -5/29 HPs)
             Began as a Draconian Transmuter on Feb 18, 2021.
             Slain by Terence
             ... wielding a +0 flail
              (17 damage)
             ... on level 2 of the Dungeon.
             The game lasted 00:01:34 (1274 turns).

kae the Ruffian (Draconian Transmuter)              Turns: 1274, Time: 00:01:34

Health: -5/29      AC:  2    Str: 13    XL:     3   Next: 39%
Magic:  3/6        EV: 20    Int: 13    God:
Gold:   139        SH:  0    Dex: 16    Spells: 2/6 levels left

rFire    . . .     SeeInvis .     - Unarmed
rCold    . . .     Faith    .   (shield currently unavailable)
rNeg     . . .     Spirit   .   (armour unavailable)
rPois    x         Reflect  .   (helmet currently unavailable)
rElec    .         Harm     .   (cloak currently unavailable)
rCorr    .         Rampage  .   (gloves currently unavailable)
Will     .....                  (boots currently unavailable)
Stlth    +.........             (no amulet)
HPRegen  0.09/turn              (no ring)
MPRegen  0.10/turn              (no ring)

@: spider-form (expiring)
A: tiny, unfitting armour, AC +5
a: End Transformation


You were on level 2 of the Dungeon.
You were a venomous arachnid creature.
You visited 1 branch of the dungeon, and saw 2 of its levels.

You collected 139 gold pieces.

Inventory:

Scrolls
 b - a scroll of teleportation {unknown}
 c - a scroll of fog {unknown}
 e - a scroll of magic mapping
 f - a scroll of fear {unknown}
Potions
 a - 2 potions of curing
 d - 2 potions of might


   Skills:
 + Level 1.9 Fighting
 + Level 2.2 Dodging
 + Level 3.3 Unarmed Combat
 + Level 2.3 Spellcasting
 + Level 2.4 Transmutations
 * Level 0.0 Poison Magic


You had 2 spell levels left.
You knew the following spells:

 Your Spells              Type           Power        Failure   Level
a - Beastly Appendage     Tmut           14%          22%         1
b - Spider Form           Tmut/Pois      2%           63%         3

Your spell library contained the following spells:

 Spells                   Type           Power        Failure   Level
 Wereblood                Tmut           7%           32%         2
 Ice Form                 Ice/Tmut       4%           94%         4
 Blade Hands              Tmut           3%           98%         5


Dungeon Overview and Level Annotations

Branches:
Dungeon (2/15)

Altars:

Annotations:
D:2 Terence


Innate Abilities, Weirdness & Mutations

((Your plain brown scales are hard. (AC +5)))
You cannot fit into any form of body armour.
((You are cold-blooded and may be slowed by cold attacks.))


Message History

You now have 130 gold pieces (gained 8).
a - 2 potions of curing (gained 1)
You now have 139 gold pieces (gained 9).
You see here a hand axe.
There is a stone staircase leading up here.
There is a stone staircase leading up here.
You see here a club.
Key pressed, stopping explore.
Terence the Incautious comes into view.
He is wielding a +0 flail and carrying a wand of flame (8).
This spell is extremely dangerous to cast!
Memorise Spider Form, consuming 3 spell levels and leaving 2?
You start memorising the spell.
You continue memorising. x3
You finish memorising.
Spell assigned to 'b'.
Terence shouts!
Terence zaps a wand.
The puff of flame hits you!
Casting: Beastly Appendage (safe; 9% risk of failure)
Confirm with . or Enter, or press ? or * to list all spells.
The spell is extremely dangerous to cast (41% risk of failure)!
Continue anyway? [Y]es or [N]o only, please.
The spell is extremely dangerous to cast (41% risk of failure)!
Continue anyway?
You turn into a venomous arachnid creature.
Terence misses you.
Found a green potion.
You bite Terence!
Terence is poisoned.
Terence is heavily wounded.
Terence completely misses you.
You hit Terence.
Terence looks as sick as possible!
Terence is severely wounded.
Your transformation is almost over.
You barely miss Terence.
Terence is severely wounded.
Terence drinks a potion.
Terence seems to grow stronger.
You hit Terence but do no damage.
Terence is severely wounded.
Terence hits you with a +0 flail!
You hit Terence.
Terence looks as sick as possible!
Terence is almost dead.
Terence hits you with a +0 flail!
Ouch! That really hurt!
You die...

#....##.....)# ##
#............####
#.
#....##........<#
#.
###.######...##.##
#. #.##
###.##.[###. #..#
#.###..##. ##.#
#.##...... #.#
#.#..##### #s#
#...# # #@.# #.##
## ##.# ### #. .#
.# ## .# ##. .#
##.. .! ##..#
#..##


You could see Terence (strong, extremely poisoned).

Vanquished Creatures
  An ooze (D:1)
  A worm (D:2)
  2 dart slugs
  A ball python (D:1)
  5 bats (D:1)
  2 giant cockroaches (D:2)
  5 goblins
  4 hobgoblins
  3 frilled lizards
  5 kobolds (D:1)
  3 rats (D:1)
32 creatures vanquished.

Notes
Turn   | Place    | Note
-------+----------+-------------------------------------------
     0 | D:1      | kae the Draconian Transmuter began the quest for the Orb.
     0 | D:1      | Reached XP level 1. HP: 16/16 MP: 3/3
   120 | D:1      | Reached XP level 2. HP: 21/23 MP: 5/5
   499 | D:1      | Reached XP level 3. HP: 29/29 MP: 6/6
  1259 | D:2      | Noticed Terence
  1265 | D:2      | Learned a level 3 spell: Spider Form
  1274 | D:2      | Slain by Terence

Illustrated notes

Levels and vault maps discovered:
D:1:      heliophobic_arrival_dark_side_of_the_moon, layout_rooms
D:2:      layout_rooms, uniq_terence

Skill      XL: |  1  2 |
---------------+-------+-----
Dodging        | 2 |  2.2
Fighting       | |  1.9
Unarmed Combat | |  3.3
Spellcasting   | |  2.3
Transmutations | |  2.4

Action                   || total
-------------------------++-------
Melee: Unarmed           ||    84
       Tailslap          ||     7
       Headbutt          ||    10
       Kick              ||     6
 Cast: Beastly Appendage ||    13
       Spider Form       ||     1
  Use: Scroll            ||     3
Armor: Skin              ||    24
Dodge: Dodged            ||    54

Table legend: (Time is in decaauts)
 A = Elapsed time spent in this place.
 B = Non-inter-level travel time spent in this place.
 C = Inter-level travel time spent in this place.
 D = Time resting spent in this place.
 E = Time spent auto-exploring this place.
 F = Levels seen in this place.
 G = Mean time per level.
                   A        B        C        D        E       F      G
               +--------+--------+--------+--------+--------+-----+--------+
         Total |   1268 |   1148 |    120 |      0 |    950 |   2 |  634.0 |
       Dungeon |   1268 |   1148 |    120 |      0 |    950 |   2 |  634.0 |
               +--------+--------+--------+--------+--------+-----+--------+

Top non-repeatable levels by time:
     D:1: 697 daAuts
     D:2: 570 daAuts
